[ AOE2 MATCH · #460617771 ]
Team RMBohemians vs Britons
Player's team · LOSS
[ REPLAY ANALYSIS · EXTRACTED FROM THE RECORDED GAME ]
Feudal
13:06
Castle
26:49
Imperial
42:43
| APM avg | 9.5 |
| APM peak | 53 |
| eAPM avg | 7.8 |
| Villagers / military | 97 / 123 |
Focus
⚔️ 28.3% · 🌾 71.7%
Skirmisher ×65 · Archer ×52 · Hussite Wagon ×5 · Mangonel ×1
Feudal
17:46
Castle
24:52
Imperial
47:06
| APM avg | 9.9 |
| APM peak | 32 |
| eAPM avg | 6.0 |
| Villagers / military | 41 / 64 |
Focus
⚔️ 30.7% · 🌾 69.3%
War Elephant ×18 · Archer ×14 · Skirmisher ×11 · Scorpion ×9 · Camel Scout ×9 · Battering Ram ×3
Feudal
11:40
Castle
16:34
Imperial
38:57
| APM avg | 21.5 |
| APM peak | 56 |
| eAPM avg | 13.7 |
| Villagers / military | 128 / 170 |
Focus
⚔️ 48.5% · 🌾 51.5%
Jaguar Warrior ×68 · Spearman ×61 · Skirmisher ×20 · Petard ×15 · Trebuchet (Packed) ×4 · Monk ×2
Feudal
10:42
Castle
24:17
Imperial
35:17
| APM avg | 26.8 |
| APM peak | 68 |
| eAPM avg | 12.8 |
| Villagers / military | 99 / 104 |
Focus
⚔️ 29.0% · 🌾 71.0%
Knight ×99 · Trade Cart ×28 · Kipchak ×5
Feudal
13:30
Castle
20:04
Imperial
41:54
| APM avg | 11.3 |
| APM peak | 38 |
| eAPM avg | 5.8 |
| Villagers / military | 89 / 48 |
Focus
⚔️ 32.2% · 🌾 67.8%
Cavalry Archer ×26 · Steppe Lancer ×14 · Scout Cavalry ×8 · Trade Cart ×3
Feudal
10:56
Castle
15:37
Imperial
33:49
| APM avg | 20.4 |
| APM peak | 60 |
| eAPM avg | 13.4 |
| Villagers / military | 145 / 464 |
Focus
⚔️ 33.2% · 🌾 66.8%
Skirmisher ×332 · Battle Elephant ×81 · Archer ×46 · Trebuchet (Packed) ×4 · Monk ×1
Feudal
—
Castle
—
Imperial
—
| APM avg | 21.0 |
| APM peak | 97 |
| eAPM avg | 16.2 |
| Villagers / military | 190 / 162 |
Focus
⚔️ 19.5% · 🌾 80.5%
Janissary ×149 · Bombard Cannon ×13
Feudal
10:49
Castle
23:53
Imperial
40:38
| APM avg | 11.9 |
| APM peak | 41 |
| eAPM avg | 9.1 |
| Villagers / military | 143 / 228 |
Focus
⚔️ 36.9% · 🌾 63.1%
Longbowman ×160 · Spearman ×66 · Trade Cart ×17 · Monk ×2
Match map
Initial resources + every placement click. Lines = walls · curves = elevation contours. ◆ gold · ⬟ stone · ● berries · ✦ relic · ◌ wall gap
Your base· ✓ Closed at 26:49 · 31t walls · 3 gate(s)
My name is jeff's base· ✓ Closed at 24:52 · 0t walls · 2 gate(s)
Harry Tuttle's base· ✓ Closed at 16:34 · 2t walls · 3 gate(s)
gretor0231's base· ✓ Closed at 24:17 · 0t walls · 2 gate(s)
Vili-Pekka's base· ✓ Closed at 20:04 · 0t walls · 2 gate(s)
打你芭芭有违孝道's base· ✓ Closed at 15:37 · 0t walls · 3 gate(s)
YellowyGnu8986's base· ✓ Closed at 14:26 · 0t walls · 3 gate(s)
mairou15saidi's base· ✓ Closed at 23:53 · 17t walls · 4 gate(s)
Smoothed initial terrain · ◌ = detected wall gap · hover for details
Inputs per minute
— Lukrat - - My name is jeff
Build order — Lukrat
First 150 of 305 actions detected
| 0:19 | Build | House |
| 0:24 | Build | House |
| 0:27 | Create | Villager (Male) |
| 0:27 | Create | Villager (Male) |
| 0:27 | Create | Villager (Male) |
| 0:27 | Create | Villager (Male) |
| 0:28 | Create | Villager (Male) |
| 0:28 | Research | Loom |
| 0:35 | Build | House |
| 1:11 | Build | House |
| 2:18 | Create | Villager (Male) |
| 3:20 | Create | Villager (Male) |
| 3:21 | Create | Villager (Male) |
| 3:43 | Create | Villager (Male) |
| 3:44 | Create | Villager (Male) |
| 4:46 | Create | Villager (Male) |
| 4:46 | Create | Villager (Male) |
| 5:57 | Create | Villager (Male) |
| 5:57 | Create | Villager (Male) |
| 5:57 | Create | Villager (Male) |
| 5:57 | Create | Villager (Male) |
| 5:57 | Create | Villager (Male) |
| 6:12 | Build | Mill |
| 7:12 | Create | Villager (Male) |
| 7:12 | Create | Villager (Male) |
| 8:22 | Create | Villager (Male) |
| 8:23 | Create | Villager (Male) |
| 8:25 | Create | Villager (Male) |
| 9:09 | Build | Mining Camp |
| 9:30 | Build | Lumber Camp |
| 9:52 | Build | Mining Camp |
| 10:12 | Build | Barracks |
| 10:17 | Build | House |
| 10:56 | Research | Feudal Age |
| 11:25 | Build | Outpost |
| 12:13 | Build | House |
| 13:06 | Age | Feudal Age |
| 13:10 | Build | Blacksmith |
| 13:15 | Research | Wheelbarrow |
| 13:16 | Research | Town Watch |
| 13:23 | Research | Double-Bit Axe |
| 14:01 | Build | Archery Range |
| 14:32 | Research | Horse Collar |
| 15:08 | Build | Gate |
| 15:58 | Create | Villager (Male) |
| 15:59 | Create | Villager (Male) |
| 16:00 | Create | Villager (Male) |
| 16:00 | Create | Villager (Male) |
| 16:00 | Create | Villager (Male) |
| 17:05 | Build | Stone Wall |
| 17:22 | Build | Farm |
| 17:23 | Build | Farm |
| 17:25 | Build | Farm |
| 17:27 | Build | Farm |
| 17:29 | Build | Farm |
| 17:31 | Build | Farm |
| 17:32 | Build | Farm |
| 17:33 | Build | Farm |
| 17:35 | Build | Farm |
| 17:37 | Build | Farm |
| 17:45 | Build | Mill |
| 17:51 | Build | Mill |
| 18:08 | Build | Mining Camp |
| 18:15 | Create | Villager (Male) |
| 18:15 | Create | Villager (Male) |
| 18:16 | Create | Villager (Male) |
| 18:16 | Create | Villager (Male) |
| 18:16 | Create | Villager (Male) |
| 19:39 | Create | Villager (Male) |
| 19:39 | Create | Villager (Male) |
| 19:39 | Create | Villager (Male) |
| 19:54 | Build | House |
| 19:58 | Build | House |
| 20:27 | Build | Stone Wall |
| 20:40 | Build | Stone Wall |
| 21:21 | Create | Villager (Male) |
| 21:21 | Create | Villager (Male) |
| 21:21 | Create | Villager (Male) |
| 21:37 | Build | Mill |
| 22:07 | Build | Mill |
| 22:16 | Build | Farm |
| 22:22 | Build | Farm |
| 23:24 | Build | Market |
| 24:09 | Research | Castle Age |
| 24:17 | Build | Watch Tower |
| 24:51 | Build | Watch Tower |
| 24:59 | Build | Watch Tower |
| 25:56 | Build | Watch Tower |
| 26:49 | Age | Castle Age |
| 27:07 | Build | Castle |
| 27:53 | Create | Villager (Male) |
| 27:53 | Create | Villager (Male) |
| 27:53 | Create | Villager (Male) |
| 27:54 | Create | Villager (Male) |
| 27:54 | Create | Villager (Male) |
| 28:36 | Build | Stone Wall |
| 29:23 | Build | Farm |
| 29:27 | Build | Farm |
| 29:38 | Create | Villager (Male) |
| 29:38 | Create | Villager (Male) |
| 30:35 | Build | Stone Wall |
| 31:06 | Build | Town Center |
| 31:16 | Research | Heavy Plow |
| 31:20 | Research | Bow Saw |
| 31:37 | Research | Hand Cart |
| 32:08 | Create | Villager (Male) |
| 32:08 | Create | Villager (Male) |
| 32:09 | Create | Villager (Male) |
| 32:09 | Create | Villager (Male) |
| 32:39 | Create | Villager (Male) |
| 32:40 | Create | Villager (Male) |
| 33:00 | Create | Villager (Male) |
| 33:05 | Create | Villager (Male) |
| 34:04 | Create | Villager (Male) |
| 34:05 | Create | Villager (Male) |
| 34:06 | Create | Villager (Male) |
| 34:07 | Create | Villager (Male) |
| 34:08 | Create | Villager (Male) |
| 34:08 | Create | Villager (Male) |
| 34:08 | Create | Villager (Male) |
| 34:10 | Create | Villager (Male) |
| 34:46 | Build | Stone Wall |
| 35:16 | Create | Villager (Male) |
| 35:16 | Create | Villager (Male) |
| 35:16 | Create | Villager (Male) |
| 35:17 | Create | Villager (Male) |
| 35:17 | Create | Villager (Male) |
| 35:21 | Create | Villager (Male) |
| 35:52 | Build | Farm |
| 36:13 | Build | Farm |
| 36:43 | Build | Stone Wall |
| 36:51 | Build | Gate |
| 37:01 | Build | Farm |
| 37:08 | Build | Farm |
| 37:33 | Build | Watch Tower |
| 37:38 | Build | Watch Tower |
| 37:40 | Build | Watch Tower |
| 37:47 | Build | Farm |
| 37:54 | Build | Farm |
| 38:07 | Create | Villager (Male) |
| 38:08 | Create | Villager (Male) |
| 38:08 | Create | Villager (Male) |
| 38:08 | Create | Villager (Male) |
| 38:08 | Create | Villager (Male) |
| 38:08 | Create | Villager (Male) |
| 38:09 | Create | Villager (Male) |
| 38:09 | Create | Villager (Male) |
| 38:10 | Create | Villager (Male) |
| 38:10 | Create | Villager (Male) |
| 39:05 | Build | Archery Range |
Build order — My name is jeff
First 150 of 180 actions detected
| 0:14 | Build | House |
| 0:17 | Build | House |
| 0:18 | Create | Villager (Male) |
| 0:18 | Create | Villager (Male) |
| 0:18 | Create | Villager (Male) |
| 0:19 | Create | Villager (Male) |
| 0:19 | Create | Villager (Male) |
| 0:20 | Research | Loom |
| 1:55 | Create | Villager (Male) |
| 2:00 | Build | Lumber Camp |
| 2:28 | Build | Mining Camp |
| 2:31 | Create | Villager (Male) |
| 2:31 | Create | Villager (Male) |
| 3:32 | Create | Villager (Male) |
| 3:32 | Create | Villager (Male) |
| 3:32 | Create | Villager (Male) |
| 4:26 | Create | Villager (Male) |
| 4:28 | Create | Villager (Male) |
| 4:40 | Build | House |
| 4:52 | Create | Villager (Male) |
| 4:54 | Create | Villager (Male) |
| 5:23 | Build | House |
| 5:37 | Build | House |
| 5:51 | Build | House |
| 6:12 | Build | House |
| 6:13 | Build | House |
| 6:47 | Create | Villager (Male) |
| 7:22 | Build | House |
| 7:44 | Create | Villager (Male) |
| 7:45 | Create | Villager (Male) |
| 7:49 | Create | Villager (Male) |
| 8:37 | Build | Barracks |
| 8:43 | Build | Barracks |
| 9:30 | Build | Mill |
| 9:35 | Build | Mill |
| 9:48 | Create | Villager (Male) |
| 10:00 | Build | Mining Camp |
| 10:17 | Create | Villager (Male) ×3 |
| 11:43 | Create | Villager (Male) |
| 14:19 | Build | House |
| 14:20 | Build | House |
| 14:22 | Build | House |
| 14:23 | Build | House |
| 14:25 | Build | House |
| 14:27 | Build | House |
| 14:29 | Build | House |
| 14:35 | Build | House |
| 14:37 | Build | House |
| 14:38 | Build | House |
| 14:40 | Build | House |
| 14:41 | Build | House |
| 14:42 | Build | House |
| 14:55 | Build | House |
| 14:57 | Build | House |
| 14:58 | Build | House |
| 14:59 | Build | House |
| 15:00 | Build | House |
| 15:06 | Build | House |
| 15:07 | Build | House |
| 15:08 | Build | House |
| 15:11 | Build | House |
| 15:15 | Build | House |
| 15:16 | Build | House |
| 15:18 | Build | House |
| 15:19 | Build | House |
| 15:21 | Build | House |
| 15:25 | Build | House |
| 15:27 | Build | House |
| 15:28 | Build | House |
| 15:42 | Research | Feudal Age |
| 15:45 | Create | Villager (Male) ×4 |
| 15:45 | Create | Villager (Male) |
| 16:07 | Build | Farm |
| 16:09 | Build | Farm |
| 16:12 | Build | Farm |
| 16:33 | Create | Villager (Male) ×2 |
| 17:46 | Age | Feudal Age |
| 18:01 | Create | Villager (Male) |
| 18:01 | Create | Villager (Male) |
| 18:02 | Create | Villager (Male) |
| 18:02 | Create | Villager (Male) |
| 18:19 | Build | Farm |
| 18:38 | Build | Farm |
| 19:01 | Build | Farm |
| 19:20 | Build | Farm |
| 19:45 | Build | Farm |
| 20:09 | Build | Farm |
| 20:28 | Build | Farm |
| 20:51 | Build | Farm |
| 21:11 | Build | Blacksmith |
| 21:13 | Build | Market |
| 21:17 | Build | Farm |
| 21:20 | Research | Double-Bit Axe |
| 21:22 | Research | Horse Collar |
| 21:27 | Research | Gold Mining |
| 21:32 | Research | Stone Mining |
| 22:17 | Build | Lumber Camp |
| 22:27 | Research | Castle Age |
| 22:55 | Build | Stable |
| 24:04 | Research | Bloodlines |
| 24:38 | Build | Archery Range |
| 24:52 | Age | Castle Age |
| 25:02 | Build | Castle |
| 25:12 | Research | Crossbowman (upgrade) |
| 25:13 | Research | Thumb Ring |
| 25:18 | Create | Camel Scout |
| 25:18 | Create | Camel Scout |
| 25:19 | Create | Camel Scout |
| 25:20 | Create | Camel Scout |
| 25:21 | Research | Husbandry |
| 25:40 | Create | Villager (Male) |
| 25:52 | Create | Archer |
| 25:55 | Create | Archer |
| 25:57 | Create | Archer |
| 26:00 | Create | Archer |
| 26:09 | Create | Archer |
| 26:13 | Create | Camel Scout |
| 26:16 | Build | Farm |
| 26:45 | Build | Farm |
| 27:26 | Create | Archer |
| 27:27 | Create | Archer |
| 27:57 | Build | Siege Workshop |
| 28:29 | Build | Mining Camp |
| 28:45 | Research | Bow Saw |
| 29:04 | Create | War Elephant |
| 29:07 | Create | War Elephant |
| 29:07 | Create | War Elephant |
| 29:08 | Create | War Elephant |
| 30:44 | Create | Battering Ram |
| 30:51 | Create | Camel Scout |
| 30:57 | Create | Camel Scout |
| 30:59 | Create | Archer |
| 31:00 | Create | Archer |
| 31:14 | Build | Castle |
| 32:17 | Create | War Elephant |
| 32:18 | Create | War Elephant |
| 32:18 | Create | War Elephant |
| 34:05 | Create | War Elephant |
| 34:07 | Create | War Elephant |
| 34:13 | Create | Battering Ram |
| 34:15 | Create | Battering Ram |
| 34:30 | Create | Villager (Male) ×5 |
| 34:51 | Build | Mining Camp |
| 35:30 | Create | Archer |
| 35:30 | Create | Archer |
| 35:31 | Create | Archer |
| 35:31 | Create | Archer |
| 35:31 | Create | Archer |
| 35:37 | Create | War Elephant |
| 36:57 | Create | War Elephant |
Build order — Harry Tuttle
First 150 of 447 actions detected
| 0:03 | Create | Villager (Male) |
| 0:04 | Create | Villager (Male) |
| 0:04 | Create | Villager (Male) |
| 0:04 | Create | Villager (Male) |
| 0:05 | Create | Villager (Male) |
| 0:07 | Build | House |
| 0:08 | Build | House |
| 1:43 | Create | Villager (Male) |
| 1:43 | Create | Villager (Male) |
| 1:43 | Create | Villager (Male) |
| 2:11 | Research | Loom |
| 2:33 | Create | Villager (Male) |
| 2:33 | Create | Villager (Male) |
| 2:33 | Create | Villager (Male) |
| 2:34 | Create | Villager (Male) |
| 3:14 | Create | Villager (Male) |
| 3:23 | Create | Villager (Male) |
| 3:23 | Create | Villager (Male) |
| 3:23 | Create | Villager (Male) |
| 4:30 | Build | House |
| 4:34 | Build | House |
| 4:41 | Create | Villager (Male) |
| 4:41 | Create | Villager (Male) |
| 4:42 | Create | Villager (Male) |
| 5:17 | Build | Mill |
| 5:43 | Create | Villager (Male) |
| 5:43 | Create | Villager (Male) |
| 5:43 | Create | Villager (Male) |
| 5:44 | Create | Villager (Male) |
| 5:44 | Create | Villager (Male) |
| 6:31 | Build | Lumber Camp |
| 6:59 | Create | Villager (Male) |
| 7:00 | Create | Villager (Male) |
| 7:00 | Create | Villager (Male) |
| 7:34 | Create | Villager (Male) |
| 7:34 | Create | Villager (Male) |
| 7:35 | Create | Villager (Male) |
| 8:48 | Build | Mining Camp |
| 9:02 | Build | Mining Camp |
| 9:30 | Research | Feudal Age |
| 9:30 | Research | Feudal Age |
| 9:35 | Build | House |
| 9:40 | Build | House |
| 10:42 | Build | Barracks |
| 11:33 | Build | Mill |
| 11:40 | Age | Feudal Age |
| 12:26 | Build | Blacksmith |
| 12:35 | Build | Market |
| 13:54 | Research | Castle Age |
| 14:03 | Build | Palisade Wall |
| 14:09 | Build | Palisade Gate |
| 14:14 | Build | Palisade Wall |
| 14:27 | Research | Double-Bit Axe |
| 14:46 | Research | Stone Mining |
| 14:47 | Research | Stone Mining |
| 15:24 | Build | House |
| 15:33 | Build | House |
| 15:41 | Build | House |
| 16:34 | Age | Castle Age |
| 16:35 | Build | Farm |
| 16:36 | Build | Farm |
| 16:38 | Research | Horse Collar |
| 16:44 | Research | Gold Mining |
| 17:47 | Create | Villager (Male) |
| 17:48 | Create | Villager (Male) |
| 17:48 | Create | Villager (Male) |
| 17:48 | Create | Villager (Male) |
| 18:04 | Build | Castle |
| 18:31 | Build | Palisade Wall |
| 18:38 | Build | Palisade Gate |
| 18:43 | Build | Palisade Wall |
| 19:08 | Create | Villager (Male) |
| 19:08 | Create | Villager (Male) |
| 19:13 | Build | Farm |
| 19:15 | Build | Farm |
| 19:16 | Build | Farm |
| 19:23 | Build | Farm |
| 19:25 | Build | Farm |
| 19:26 | Build | Farm |
| 19:39 | Build | House |
| 19:43 | Create | Villager (Male) |
| 19:44 | Create | Villager (Male) |
| 19:55 | Build | Farm |
| 20:15 | Build | House |
| 20:24 | Build | Farm |
| 20:28 | Create | Villager (Male) |
| 20:49 | Build | Farm |
| 20:58 | Build | Farm |
| 20:59 | Create | Villager (Male) |
| 21:04 | Create | Jaguar Warrior |
| 21:16 | Build | Mining Camp |
| 21:24 | Create | Jaguar Warrior |
| 21:25 | Create | Jaguar Warrior |
| 21:25 | Create | Jaguar Warrior |
| 21:29 | Create | Villager (Male) |
| 21:30 | Create | Villager (Male) |
| 21:33 | Build | Farm |
| 21:49 | Create | Villager (Male) |
| 21:49 | Create | Villager (Male) |
| 21:59 | Create | Jaguar Warrior |
| 22:00 | Create | Jaguar Warrior |
| 22:05 | Build | Farm |
| 22:07 | Create | Villager (Male) |
| 22:29 | Build | Town Center |
| 22:45 | Build | Farm |
| 22:53 | Build | Farm |
| 22:58 | Create | Jaguar Warrior |
| 22:58 | Create | Jaguar Warrior |
| 22:59 | Create | Jaguar Warrior |
| 22:59 | Create | Jaguar Warrior |
| 22:59 | Create | Jaguar Warrior |
| 23:00 | Create | Jaguar Warrior |
| 23:26 | Create | Villager (Male) |
| 23:26 | Create | Villager (Male) |
| 23:27 | Create | Villager (Male) |
| 24:00 | Create | Jaguar Warrior |
| 24:01 | Create | Jaguar Warrior |
| 24:01 | Create | Jaguar Warrior |
| 24:01 | Create | Jaguar Warrior |
| 24:01 | Create | Jaguar Warrior |
| 24:14 | Create | Villager (Male) |
| 24:14 | Create | Villager (Male) |
| 24:15 | Create | Villager (Male) |
| 24:55 | Create | Villager (Male) |
| 24:56 | Create | Villager (Male) |
| 24:56 | Create | Villager (Male) |
| 24:57 | Create | Villager (Male) |
| 24:57 | Create | Villager (Male) |
| 24:57 | Create | Villager (Male) |
| 25:16 | Research | Scale Mail Armor |
| 25:34 | Create | Villager (Male) |
| 25:35 | Create | Villager (Male) |
| 25:35 | Create | Villager (Male) |
| 25:38 | Build | Farm |
| 25:40 | Build | Farm |
| 25:42 | Build | Farm |
| 25:45 | Build | Farm |
| 25:46 | Build | Farm |
| 25:47 | Create | Villager (Male) |
| 25:47 | Create | Villager (Male) |
| 26:17 | Create | Jaguar Warrior |
| 26:17 | Create | Jaguar Warrior |
| 26:17 | Create | Jaguar Warrior |
| 26:17 | Create | Jaguar Warrior |
| 26:18 | Create | Jaguar Warrior |
| 26:59 | Create | Jaguar Warrior |
| 26:59 | Create | Jaguar Warrior |
| 26:59 | Create | Jaguar Warrior |
| 27:01 | Create | Petard |
| 27:01 | Create | Petard |
Build order — gretor0231
First 150 of 404 actions detected
| 0:05 | Build | House |
| 0:09 | Build | House |
| 0:11 | Create | Villager (Male) |
| 0:11 | Create | Villager (Male) |
| 0:11 | Create | Villager (Male) |
| 0:17 | Create | Villager (Male) |
| 0:17 | Create | Villager (Male) |
| 1:54 | Create | Villager (Male) |
| 1:54 | Create | Villager (Male) |
| 2:16 | Build | Lumber Camp |
| 2:21 | Create | Villager (Male) |
| 2:48 | Create | Villager (Male) |
| 2:55 | Research | Loom |
| 3:04 | Create | Villager (Male) |
| 4:12 | Build | House |
| 4:15 | Create | Villager (Male) |
| 4:56 | Create | Villager (Male) |
| 4:57 | Create | Villager (Male) |
| 4:57 | Create | Villager (Male) |
| 5:26 | Create | Villager (Male) |
| 5:27 | Create | Villager (Male) |
| 6:02 | Build | House |
| 6:08 | Create | Villager (Male) |
| 6:33 | Create | Villager (Male) |
| 7:01 | Create | Villager (Male) |
| 7:18 | Create | Villager (Male) |
| 7:26 | Build | Mill |
| 8:32 | Research | Feudal Age |
| 8:41 | Build | House |
| 9:12 | Build | Lumber Camp |
| 9:22 | Build | House |
| 9:25 | Create | Villager (Male) |
| 9:52 | Build | Barracks |
| 10:42 | Age | Feudal Age |
| 11:00 | Build | Town Center |
| 11:03 | Create | Villager (Male) |
| 11:10 | Create | Villager (Male) |
| 11:23 | Create | Villager (Male) |
| 11:23 | Create | Villager (Male) |
| 12:17 | Build | Stable |
| 12:25 | Create | Villager (Male) |
| 12:28 | Create | Villager (Male) |
| 12:30 | Create | Villager (Male) |
| 12:52 | Create | Villager (Male) |
| 12:52 | Create | Villager (Male) |
| 12:55 | Create | Villager (Male) |
| 13:09 | Build | House |
| 13:11 | Build | House |
| 13:42 | Build | Farm |
| 13:43 | Build | Farm |
| 13:46 | Build | Farm |
| 13:47 | Build | Farm |
| 13:53 | Create | Villager (Male) |
| 13:53 | Create | Villager (Male) |
| 13:58 | Build | House |
| 14:19 | Create | Villager (Male) |
| 14:19 | Create | Villager (Male) |
| 14:33 | Build | Farm |
| 14:34 | Build | Farm |
| 14:36 | Build | Farm |
| 14:37 | Build | Farm |
| 14:41 | Create | Villager (Male) |
| 14:52 | Build | Farm |
| 14:54 | Build | Farm |
| 15:01 | Create | Villager (Male) |
| 15:02 | Create | Villager (Male) |
| 15:21 | Build | Blacksmith |
| 15:36 | Create | Villager (Male) |
| 15:36 | Create | Villager (Male) |
| 15:41 | Build | House |
| 16:15 | Create | Villager (Male) |
| 16:15 | Create | Villager (Male) |
| 16:28 | Build | Farm |
| 16:29 | Build | Farm |
| 16:31 | Build | Farm |
| 16:32 | Build | Farm |
| 16:34 | Build | Farm |
| 16:40 | Create | Villager (Male) |
| 16:41 | Create | Villager (Male) |
| 16:48 | Build | Farm |
| 16:56 | Build | House |
| 16:58 | Build | House |
| 17:15 | Create | Villager (Male) |
| 17:15 | Create | Villager (Male) |
| 17:29 | Build | Siege Workshop |
| 17:34 | Create | Villager (Male) |
| 17:43 | Build | Farm |
| 17:45 | Build | Farm |
| 18:23 | Create | Villager (Male) |
| 18:23 | Create | Villager (Male) |
| 18:44 | Build | Farm |
| 18:46 | Build | Farm |
| 18:55 | Build | Farm |
| 18:57 | Build | Farm |
| 19:04 | Research | Double-Bit Axe |
| 19:07 | Create | Villager (Male) |
| 19:07 | Create | Villager (Male) |
| 19:12 | Build | Mining Camp |
| 19:17 | Create | Villager (Male) |
| 19:18 | Create | Villager (Male) |
| 19:23 | Research | Horse Collar |
| 19:45 | Build | House |
| 19:46 | Build | House |
| 19:48 | Build | House |
| 19:49 | Build | House |
| 20:12 | Research | Gold Mining |
| 20:19 | Research | Wheelbarrow |
| 20:20 | Create | Villager (Male) |
| 20:52 | Create | Villager (Male) |
| 20:52 | Create | Villager (Male) |
| 21:30 | Build | Market |
| 21:37 | Research | Castle Age |
| 21:46 | Build | Farm |
| 21:48 | Build | Farm |
| 21:49 | Build | Farm |
| 21:51 | Build | Farm |
| 22:04 | Build | Mining Camp |
| 22:07 | Research | Stone Mining |
| 22:13 | Research | Wheelbarrow |
| 22:55 | Build | Market |
| 23:07 | Build | Market |
| 24:17 | Age | Castle Age |
| 24:36 | Research | Caravan |
| 24:47 | Create | Villager (Male) |
| 24:47 | Create | Villager (Male) |
| 24:49 | Research | Hand Cart |
| 25:08 | Research | Scale Barding Armor |
| 25:23 | Build | Town Center |
| 25:44 | Create | Villager (Male) |
| 25:45 | Create | Villager (Male) |
| 25:45 | Create | Villager (Male) |
| 26:10 | Build | Farm |
| 26:11 | Build | Farm |
| 26:16 | Create | Villager (Male) |
| 26:16 | Create | Villager (Male) |
| 26:17 | Research | Bow Saw |
| 26:52 | Build | Stable |
| 26:53 | Build | Stable |
| 26:58 | Create | Villager (Male) |
| 26:58 | Create | Villager (Male) |
| 26:59 | Create | Villager (Male) |
| 26:59 | Create | Villager (Male) |
| 27:00 | Create | Villager (Male) |
| 27:00 | Create | Villager (Male) |
| 27:03 | Build | Farm |
| 27:03 | Build | Farm |
| 27:09 | Create | Villager (Male) |
| 27:10 | Create | Villager (Male) |
| 27:11 | Create | Villager (Male) |
| 27:48 | Create | Villager (Male) |
Build order — Vili-Pekka
First 150 of 217 actions detected
| 1:27 | Create | Villager (Male) |
| 1:27 | Create | Villager (Male) |
| 1:28 | Create | Villager (Male) |
| 1:28 | Create | Villager (Male) |
| 1:28 | Create | Villager (Male) |
| 1:35 | Build | House |
| 1:45 | Build | House |
| 1:48 | Build | House |
| 2:32 | Create | Villager (Male) |
| 2:39 | Build | House |
| 3:34 | Build | Mill |
| 3:44 | Create | Villager (Male) |
| 4:59 | Create | Villager (Male) |
| 4:59 | Create | Villager (Male) |
| 4:59 | Create | Villager (Male) |
| 5:43 | Create | Villager (Male) |
| 5:43 | Create | Villager (Male) |
| 5:56 | Build | House |
| 6:25 | Build | Lumber Camp |
| 6:31 | Create | Villager (Male) |
| 6:31 | Create | Villager (Male) |
| 7:05 | Create | Villager (Male) |
| 7:05 | Create | Villager (Male) |
| 7:14 | Build | House |
| 7:19 | Build | House |
| 7:54 | Create | Villager (Male) |
| 7:54 | Create | Villager (Male) |
| 7:54 | Create | Villager (Male) |
| 11:20 | Research | Feudal Age |
| 12:30 | Create | Villager (Male) |
| 12:30 | Create | Villager (Male) |
| 12:30 | Create | Villager (Male) |
| 12:31 | Create | Villager (Male) |
| 12:31 | Create | Villager (Male) |
| 12:31 | Create | Villager (Male) |
| 12:31 | Create | Villager (Male) |
| 12:32 | Create | Villager (Male) |
| 12:32 | Create | Villager (Male) |
| 13:30 | Age | Feudal Age |
| 13:38 | Build | Market |
| 13:42 | Create | Villager (Male) |
| 13:42 | Create | Villager (Male) |
| 13:42 | Create | Villager (Male) |
| 13:42 | Create | Villager (Male) |
| 13:43 | Create | Villager (Male) |
| 13:43 | Create | Villager (Male) |
| 13:43 | Create | Villager (Male) |
| 13:59 | Research | Horse Collar |
| 14:16 | Build | Mining Camp |
| 14:52 | Build | Farm |
| 15:04 | Build | Farm |
| 15:12 | Build | Farm |
| 15:20 | Build | Farm |
| 15:32 | Build | Farm |
| 16:18 | Create | Villager (Male) |
| 16:30 | Build | Blacksmith |
| 16:52 | Create | Villager (Male) |
| 16:52 | Create | Villager (Male) |
| 17:23 | Research | Castle Age |
| 17:31 | Build | Farm |
| 17:44 | Build | Barracks |
| 18:38 | Create | Trade Cart |
| 18:39 | Create | Trade Cart |
| 19:17 | Create | Villager (Male) |
| 19:18 | Create | Villager (Male) |
| 19:18 | Create | Villager (Male) |
| 20:04 | Age | Castle Age |
| 20:55 | Build | Town Center |
| 21:11 | Build | Farm |
| 21:13 | Research | Heavy Plow |
| 21:23 | Build | Farm |
| 22:52 | Build | Stable |
| 23:00 | Build | Stable |
| 23:11 | Create | Villager (Male) |
| 23:11 | Create | Villager (Male) |
| 23:12 | Create | Villager (Male) |
| 23:12 | Create | Villager (Male) |
| 23:12 | Create | Villager (Male) |
| 23:12 | Create | Villager (Male) |
| 23:26 | Create | Villager (Male) |
| 23:27 | Create | Villager (Male) |
| 23:27 | Create | Villager (Male) |
| 23:28 | Create | Villager (Male) |
| 23:28 | Create | Villager (Male) |
| 24:08 | Build | Archery Range |
| 24:21 | Research | Husbandry |
| 24:27 | Research | Bloodlines |
| 24:47 | Create | Cavalry Archer |
| 24:48 | Create | Cavalry Archer |
| 24:49 | Create | Cavalry Archer |
| 24:50 | Create | Cavalry Archer |
| 24:50 | Create | Cavalry Archer |
| 25:02 | Build | Archery Range |
| 25:41 | Create | Cavalry Archer |
| 26:11 | Research | Thumb Ring |
| 27:04 | Research | Padded Archer Armor |
| 27:05 | Research | Fletching |
| 27:24 | Build | Farm |
| 27:29 | Build | Farm |
| 27:33 | Create | Villager (Male) |
| 27:33 | Create | Villager (Male) |
| 27:34 | Create | Villager (Male) |
| 27:49 | Build | House |
| 27:55 | Build | House |
| 28:00 | Build | House |
| 28:05 | Build | House |
| 28:55 | Build | Farm |
| 30:49 | Build | Outpost |
| 31:32 | Create | Steppe Lancer |
| 31:33 | Create | Steppe Lancer |
| 32:21 | Create | Steppe Lancer |
| 32:45 | Build | Farm |
| 32:56 | Create | Cavalry Archer |
| 32:57 | Create | Cavalry Archer |
| 32:57 | Create | Cavalry Archer |
| 33:02 | Create | Cavalry Archer |
| 33:02 | Create | Cavalry Archer |
| 33:50 | Create | Steppe Lancer |
| 33:51 | Create | Steppe Lancer |
| 33:54 | Create | Steppe Lancer |
| 33:58 | Create | Cavalry Archer |
| 33:59 | Create | Cavalry Archer |
| 34:02 | Create | Cavalry Archer |
| 34:03 | Create | Cavalry Archer |
| 34:12 | Research | Caravan |
| 34:14 | Create | Trade Cart |
| 34:31 | Build | Monastery |
| 34:35 | Build | University |
| 36:07 | Research | Ballistics |
| 36:36 | Research | Masonry |
| 37:23 | Create | Scout Cavalry |
| 37:23 | Create | Scout Cavalry |
| 37:23 | Create | Scout Cavalry |
| 37:24 | Create | Scout Cavalry |
| 37:24 | Create | Scout Cavalry |
| 37:33 | Create | Villager (Male) |
| 37:33 | Create | Villager (Male) |
| 37:33 | Create | Villager (Male) |
| 37:34 | Create | Villager (Male) |
| 38:44 | Research | Imperial Age |
| 38:51 | Build | Farm |
| 39:06 | Create | Scout Cavalry |
| 39:06 | Create | Scout Cavalry |
| 39:07 | Create | Scout Cavalry |
| 39:21 | Build | Farm |
| 39:25 | Build | Farm |
| 39:37 | Build | House |
| 39:43 | Build | House |
| 39:46 | Build | House |
| 39:50 | Build | House |
Build order — 打你芭芭有违孝道
First 150 of 440 actions detected
| 0:06 | Build | House |
| 0:08 | Build | House |
| 0:09 | Create | Villager (Male) |
| 0:10 | Create | Villager (Male) |
| 0:10 | Create | Villager (Male) |
| 0:10 | Create | Villager (Male) |
| 0:10 | Create | Villager (Male) |
| 0:11 | Create | Villager (Male) |
| 1:32 | Create | Villager (Male) |
| 1:32 | Create | Villager (Male) |
| 1:58 | Build | Lumber Camp |
| 2:06 | Create | Villager (Male) |
| 2:06 | Create | Villager (Male) |
| 2:38 | Create | Villager (Male) |
| 2:38 | Create | Villager (Male) |
| 3:28 | Create | Villager (Male) |
| 3:28 | Create | Villager (Male) |
| 3:29 | Create | Villager (Male) |
| 3:58 | Build | Mill |
| 4:29 | Create | Villager (Male) |
| 4:29 | Create | Villager (Male) |
| 4:30 | Create | Villager (Male) |
| 4:41 | Build | House |
| 5:17 | Create | Villager (Male) |
| 5:18 | Create | Villager (Male) |
| 6:00 | Create | Villager (Male) |
| 6:38 | Create | Villager (Male) |
| 6:39 | Create | Villager (Male) |
| 6:40 | Create | Villager (Male) |
| 6:44 | Build | House |
| 6:55 | Create | Villager (Male) |
| 7:23 | Build | Mining Camp |
| 7:46 | Create | Villager (Male) |
| 8:42 | Create | Villager (Male) |
| 9:09 | Create | Villager (Male) |
| 9:35 | Create | Villager (Male) |
| 9:36 | Research | Feudal Age |
| 9:57 | Build | Mining Camp |
| 10:27 | Create | Villager (Male) |
| 10:28 | Create | Villager (Male) |
| 10:56 | Age | Feudal Age |
| 11:08 | Build | House |
| 12:39 | Build | Lumber Camp |
| 12:48 | Build | Farm |
| 13:01 | Build | Market |
| 13:07 | Build | Blacksmith |
| 14:01 | Research | Castle Age |
| 14:17 | Research | Horse Collar |
| 14:38 | Build | Farm |
| 14:40 | Build | Farm |
| 14:52 | Build | Farm |
| 14:55 | Build | Farm |
| 15:03 | Build | Farm |
| 15:07 | Build | Farm |
| 15:12 | Build | Farm |
| 15:16 | Build | Farm |
| 15:20 | Build | Farm |
| 15:24 | Build | Farm |
| 15:37 | Age | Castle Age |
| 15:58 | Build | Town Center |
| 16:38 | Create | Villager (Male) |
| 16:39 | Create | Villager (Male) |
| 16:40 | Create | Villager (Male) |
| 16:47 | Research | Double-Bit Axe |
| 17:20 | Create | Villager (Male) |
| 17:21 | Create | Villager (Male) |
| 17:54 | Build | Town Center |
| 18:07 | Build | House |
| 18:09 | Build | House |
| 18:10 | Build | House |
| 18:25 | Build | House |
| 18:27 | Build | House |
| 18:29 | Build | House |
| 18:31 | Build | House |
| 18:33 | Build | House |
| 18:34 | Build | House |
| 18:38 | Build | House |
| 18:43 | Build | House |
| 18:47 | Build | House |
| 18:49 | Build | House |
| 18:51 | Build | House |
| 18:59 | Create | Villager (Male) |
| 18:59 | Create | Villager (Male) |
| 19:00 | Create | Villager (Male) |
| 19:23 | Create | Villager (Male) |
| 19:23 | Create | Villager (Male) |
| 19:25 | Create | Villager (Male) |
| 19:26 | Create | Villager (Male) |
| 19:28 | Create | Villager (Male) |
| 19:39 | Create | Villager (Male) |
| 19:53 | Research | Heavy Plow |
| 20:00 | Build | Farm |
| 20:02 | Build | Farm |
| 20:03 | Build | Farm |
| 20:05 | Build | Farm |
| 20:07 | Build | Farm |
| 20:09 | Build | Farm |
| 20:17 | Create | Villager (Male) |
| 20:18 | Create | Villager (Male) |
| 20:20 | Create | Villager (Male) |
| 20:23 | Create | Villager (Male) |
| 20:23 | Create | Villager (Male) |
| 20:30 | Build | Farm |
| 20:43 | Create | Villager (Male) |
| 20:44 | Create | Villager (Male) |
| 20:49 | Create | Villager (Male) |
| 20:49 | Create | Villager (Male) |
| 21:00 | Build | Farm |
| 21:15 | Build | Farm |
| 21:18 | Build | Farm |
| 21:25 | Build | Farm |
| 21:28 | Build | Farm |
| 21:32 | Build | Farm |
| 21:36 | Create | Villager (Male) |
| 21:36 | Create | Villager (Male) |
| 21:36 | Create | Villager (Male) |
| 21:37 | Create | Villager (Male) |
| 21:37 | Create | Villager (Male) |
| 21:43 | Build | Farm |
| 21:49 | Create | Villager (Male) |
| 21:49 | Create | Villager (Male) |
| 21:50 | Create | Villager (Male) |
| 21:50 | Create | Villager (Male) |
| 21:56 | Create | Villager (Male) |
| 22:19 | Create | Villager (Male) |
| 22:20 | Create | Villager (Male) |
| 22:20 | Create | Villager (Male) |
| 22:20 | Create | Villager (Male) |
| 22:42 | Build | Town Center |
| 22:46 | Create | Villager (Male) |
| 22:46 | Create | Villager (Male) |
| 22:46 | Create | Villager (Male) |
| 22:47 | Create | Villager (Male) |
| 22:50 | Create | Villager (Male) |
| 22:58 | Create | Villager (Male) |
| 23:03 | Create | Villager (Male) |
| 23:09 | Create | Villager (Male) |
| 23:13 | Create | Villager (Male) |
| 23:15 | Create | Villager (Male) |
| 23:18 | Build | Lumber Camp |
| 23:19 | Create | Villager (Male) |
| 23:25 | Create | Villager (Male) |
| 23:30 | Create | Villager (Male) |
| 23:31 | Create | Villager (Male) |
| 23:34 | Create | Villager (Male) |
| 23:41 | Create | Villager (Male) |
| 23:51 | Create | Villager (Male) |
| 23:51 | Create | Villager (Male) |
| 23:54 | Create | Villager (Male) |
| 24:02 | Build | House |
Build order — YellowyGnu8986
First 150 of 427 actions detected
| 0:03 | Research | Loom |
| 0:03 | Create | Villager (Male) ×4 |
| 0:03 | Create | Villager (Male) ×4 |
| 0:04 | Create | Villager (Male) ×4 |
| 0:04 | Create | Villager (Male) ×4 |
| 0:04 | Create | Villager (Male) ×4 |
| 0:12 | Build | House |
| 0:14 | Build | House |
| 1:51 | Create | Villager (Male) |
| 1:51 | Create | Villager (Male) |
| 2:25 | Create | Villager (Male) |
| 2:25 | Create | Villager (Male) |
| 2:25 | Create | Villager (Male) |
| 2:25 | Create | Villager (Male) |
| 2:43 | Build | Lumber Camp |
| 2:47 | Create | Villager (Male) |
| 2:48 | Create | Villager (Male) |
| 2:48 | Create | Villager (Male) |
| 2:48 | Create | Villager (Male) |
| 2:48 | Create | Villager (Male) |
| 3:08 | Build | House |
| 3:11 | Build | House |
| 3:12 | Build | House |
| 3:16 | Create | Villager (Male) |
| 3:17 | Create | Villager (Male) |
| 3:17 | Create | Villager (Male) |
| 3:17 | Create | Villager (Male) |
| 3:17 | Create | Villager (Male) |
| 3:33 | Create | Villager (Male) |
| 3:33 | Create | Villager (Male) |
| 3:33 | Create | Villager (Male) |
| 4:04 | Create | Villager (Male) |
| 4:05 | Create | Villager (Male) |
| 4:11 | Build | House |
| 4:23 | Create | Villager (Male) |
| 4:24 | Create | Villager (Male) |
| 4:24 | Create | Villager (Male) |
| 4:24 | Create | Villager (Male) |
| 4:24 | Create | Villager (Male) |
| 4:48 | Create | Villager (Male) |
| 4:48 | Create | Villager (Male) |
| 4:48 | Create | Villager (Male) |
| 5:39 | Build | Mill |
| 5:41 | Create | Villager (Male) |
| 5:41 | Create | Villager (Male) |
| 5:41 | Create | Villager (Male) |
| 5:42 | Create | Villager (Male) |
| 5:42 | Create | Villager (Male) |
| 6:20 | Create | Villager (Male) |
| 6:20 | Create | Villager (Male) |
| 6:21 | Create | Villager (Male) |
| 6:21 | Create | Villager (Male) |
| 6:21 | Create | Villager (Male) |
| 6:38 | Create | Villager (Male) |
| 6:38 | Create | Villager (Male) |
| 6:38 | Create | Villager (Male) |
| 7:13 | Create | Villager (Male) |
| 7:14 | Create | Villager (Male) |
| 7:14 | Create | Villager (Male) |
| 7:14 | Create | Villager (Male) |
| 7:14 | Create | Villager (Male) |
| 7:14 | Create | Villager (Male) |
| 7:30 | Build | Farm |
| 7:47 | Create | Villager (Male) |
| 7:47 | Create | Villager (Male) |
| 7:47 | Create | Villager (Male) |
| 8:07 | Create | Villager (Male) |
| 8:08 | Create | Villager (Male) |
| 8:08 | Create | Villager (Male) |
| 8:08 | Create | Villager (Male) |
| 8:09 | Create | Villager (Male) |
| 8:09 | Create | Villager (Male) |
| 8:09 | Create | Villager (Male) |
| 8:56 | Create | Villager (Male) |
| 8:57 | Create | Villager (Male) |
| 9:47 | Build | Mining Camp |
| 9:56 | Build | Farm |
| 10:11 | Build | Barracks |
| 10:20 | Research | Feudal Age |
| 10:20 | Research | Feudal Age |
| 10:20 | Research | Feudal Age |
| 10:21 | Research | Feudal Age |
| 10:54 | Build | House |
| 10:55 | Build | House |
| 12:31 | Research | Wheelbarrow |
| 12:39 | Build | Blacksmith |
| 12:45 | Build | Archery Range |
| 14:16 | Build | Mining Camp |
| 14:26 | Research | Castle Age |
| 14:26 | Research | Castle Age |
| 14:26 | Research | Castle Age |
| 14:56 | Research | Stone Mining |
| 14:56 | Research | Stone Mining |
| 14:56 | Research | Stone Mining |
| 15:17 | Research | Double-Bit Axe |
| 15:18 | Research | Double-Bit Axe |
| 15:18 | Research | Double-Bit Axe |
| 15:21 | Research | Horse Collar |
| 15:22 | Research | Horse Collar |
| 15:22 | Research | Horse Collar |
| 15:30 | Build | Farm |
| 15:31 | Build | Farm |
| 15:48 | Build | Farm |
| 15:49 | Build | Farm |
| 15:50 | Build | Farm |
| 15:51 | Build | Farm |
| 15:53 | Build | Farm |
| 15:54 | Build | Farm |
| 16:20 | Build | Farm |
| 16:53 | Research | Gold Mining |
| 16:53 | Research | Gold Mining |
| 17:10 | Build | Town Center |
| 17:15 | Create | Villager (Male) |
| 17:15 | Create | Villager (Male) |
| 17:15 | Create | Villager (Male) |
| 17:15 | Create | Villager (Male) |
| 17:16 | Create | Villager (Male) |
| 17:16 | Create | Villager (Male) |
| 17:51 | Create | Villager (Male) |
| 17:52 | Create | Villager (Male) |
| 17:52 | Create | Villager (Male) |
| 18:40 | Create | Villager (Male) |
| 18:40 | Create | Villager (Male) |
| 18:51 | Create | Villager (Male) |
| 18:51 | Create | Villager (Male) |
| 18:51 | Create | Villager (Male) |
| 19:05 | Build | Lumber Camp |
| 19:15 | Create | Villager (Male) |
| 19:24 | Build | Town Center |
| 19:28 | Create | Villager (Male) |
| 19:40 | Build | Farm |
| 19:47 | Build | Farm |
| 19:51 | Create | Villager (Male) |
| 19:54 | Build | Farm |
| 19:59 | Create | Villager (Male) |
| 20:19 | Create | Villager (Male) |
| 20:33 | Build | Farm |
| 20:34 | Build | Farm |
| 20:38 | Create | Villager (Male) |
| 20:46 | Create | Villager (Male) |
| 20:46 | Create | Villager (Male) |
| 20:47 | Create | Villager (Male) |
| 20:47 | Create | Villager (Male) |
| 20:47 | Create | Villager (Male) |
| 20:58 | Create | Villager (Male) |
| 20:58 | Create | Villager (Male) |
| 21:15 | Create | Villager (Male) |
| 21:15 | Create | Villager (Male) |
| 21:15 | Create | Villager (Male) |
| 21:15 | Create | Villager (Male) |
Build order — mairou15saidi
First 150 of 307 actions detected
| 0:07 | Build | House |
| 0:14 | Create | Villager (Male) ×4 |
| 0:15 | Create | Villager (Male) ×4 |
| 0:27 | Build | House |
| 1:30 | Create | Villager (Male) |
| 2:10 | Create | Villager (Male) |
| 2:21 | Create | Villager (Male) |
| 3:13 | Create | Villager (Male) ×3 |
| 4:08 | Build | House |
| 4:18 | Create | Villager (Male) ×3 |
| 4:29 | Build | Lumber Camp |
| 4:42 | Create | Villager (Male) |
| 6:03 | Create | Villager (Male) ×5 |
| 6:29 | Build | Mill |
| 6:48 | Create | Villager (Male) |
| 6:58 | Build | House |
| 8:39 | Research | Feudal Age |
| 8:47 | Build | Mining Camp |
| 9:27 | Create | Villager (Male) ×5 |
| 9:34 | Build | House |
| 9:58 | Build | Mining Camp |
| 10:49 | Age | Feudal Age |
| 11:11 | Create | Villager (Male) |
| 11:23 | Build | Farm |
| 11:29 | Build | Farm |
| 11:37 | Create | Villager (Male) |
| 11:38 | Create | Villager (Male) |
| 11:40 | Create | Villager (Male) |
| 12:45 | Build | Market |
| 13:02 | Create | Villager (Male) |
| 13:19 | Build | Farm |
| 13:23 | Build | Farm |
| 13:46 | Build | House |
| 13:59 | Build | House |
| 14:10 | Build | Farm |
| 14:14 | Build | Farm |
| 14:22 | Build | Farm |
| 15:32 | Build | Blacksmith |
| 15:42 | Create | Trade Cart ×2 |
| 15:46 | Create | Villager (Male) ×5 |
| 15:49 | Create | Villager (Male) |
| 15:52 | Build | House |
| 16:01 | Build | Farm |
| 16:12 | Build | Farm |
| 16:39 | Create | Trade Cart |
| 16:47 | Create | Villager (Male) |
| 16:56 | Build | Farm |
| 17:01 | Build | Farm |
| 17:01 | Build | Farm |
| 17:05 | Build | Farm |
| 17:21 | Research | Double-Bit Axe |
| 17:24 | Research | Horse Collar |
| 17:34 | Research | Gold Mining |
| 18:05 | Research | Stone Mining |
| 18:20 | Build | Farm |
| 18:22 | Create | Trade Cart |
| 18:23 | Create | Trade Cart |
| 18:30 | Build | House |
| 19:00 | Build | House |
| 19:05 | Create | Villager (Male) |
| 19:06 | Create | Villager (Male) |
| 19:09 | Create | Villager (Male) |
| 19:31 | Create | Villager (Male) |
| 19:31 | Create | Villager (Male) |
| 19:35 | Build | Farm |
| 19:39 | Create | Trade Cart |
| 19:39 | Create | Trade Cart |
| 19:59 | Build | Stone Wall |
| 20:03 | Build | Gate |
| 20:06 | Build | Farm |
| 20:59 | Create | Villager (Male) |
| 20:59 | Create | Villager (Male) |
| 21:00 | Create | Villager (Male) |
| 21:01 | Create | Villager (Male) |
| 21:13 | Research | Castle Age |
| 21:29 | Build | Farm |
| 21:31 | Build | Farm |
| 21:35 | Build | Farm |
| 21:42 | Create | Trade Cart ×5 |
| 22:03 | Build | House |
| 22:39 | Build | House |
| 22:53 | Create | Villager (Male) |
| 22:55 | Create | Villager (Male) ×5 |
| 23:53 | Age | Castle Age |
| 24:21 | Research | Loom |
| 24:21 | Research | Wheelbarrow |
| 24:21 | Research | Town Watch |
| 24:31 | Build | Town Center |
| 24:39 | Build | Town Center |
| 24:45 | Build | Town Center |
| 24:51 | Create | Villager (Male) ×5 |
| 25:08 | Build | Stone Wall |
| 25:13 | Build | Gate |
| 25:19 | Build | Gate |
| 25:38 | Build | Monastery |
| 25:50 | Create | Villager (Male) ×5 |
| 25:52 | Research | Bow Saw |
| 25:54 | Research | Heavy Plow |
| 26:02 | Research | Gold Shaft Mining |
| 26:06 | Create | Villager (Male) ×5 |
| 26:08 | Create | Villager (Male) |
| 26:52 | Create | Villager (Male) |
| 26:54 | Create | Villager (Male) ×4 |
| 26:58 | Build | Farm |
| 27:00 | Create | Monk |
| 27:05 | Create | Monk |
| 27:18 | Build | House |
| 27:32 | Build | Farm |
| 27:39 | Build | Farm |
| 27:44 | Build | Farm |
| 27:53 | Create | Trade Cart ×5 |
| 28:11 | Build | House |
| 28:19 | Create | Villager (Male) |
| 28:20 | Create | Villager (Male) |
| 28:20 | Create | Villager (Male) |
| 28:21 | Create | Villager (Male) |
| 28:22 | Create | Villager (Male) |
| 28:22 | Create | Villager (Male) |
| 28:23 | Create | Villager (Male) |
| 28:23 | Create | Villager (Male) |
| 28:25 | Create | Villager (Male) |
| 28:27 | Create | Villager (Male) |
| 28:28 | Create | Villager (Male) |
| 28:57 | Build | House |
| 29:29 | Build | Barracks |
| 29:30 | Build | Barracks |
| 29:42 | Build | Watch Tower |
| 29:56 | Create | Villager (Male) ×5 |
| 29:58 | Create | Villager (Male) ×5 |
| 30:00 | Create | Villager (Male) ×2 |
| 30:08 | Build | Mining Camp |
| 30:14 | Build | Mining Camp |
| 30:28 | Research | Caravan |
| 30:38 | Build | House |
| 30:40 | Build | House |
| 30:49 | Build | House |
| 31:35 | Research | Hand Cart |
| 31:36 | Research | Town Patrol |
| 32:01 | Build | Castle |
| 32:40 | Build | Castle |
| 32:51 | Create | Villager (Male) ×5 |
| 32:56 | Research | Town Patrol |
| 32:58 | Create | Villager (Male) ×4 |
| 33:04 | Build | Mining Camp |
| 33:20 | Build | Mining Camp |
| 33:40 | Build | Barracks |
| 33:44 | Build | Barracks |
| 33:47 | Build | Barracks |
| 33:48 | Build | Barracks |
| 33:50 | Build | Barracks |
Match timeline
| 8:37 | My name is jeff · first_building Barracks |
| 9:52 | gretor0231 · first_building Barracks |
| 10:11 | YellowyGnu8986 · first_building Barracks |
| 10:12 | Lukrat · first_building Barracks |
| 10:42 | gretor0231 · age_up feudal |
| 10:42 | Harry Tuttle · first_building Barracks |
| 10:49 | mairou15saidi · age_up feudal |
| 10:56 | 打你芭芭有违孝道 · age_up feudal |
| 11:40 | Harry Tuttle · age_up feudal |
| 12:17 | gretor0231 · first_building Stable |
| 12:45 | YellowyGnu8986 · first_building Archery Range |
| 13:06 | Lukrat · age_up feudal |
| 13:30 | Vili-Pekka · age_up feudal |
| 14:01 | Lukrat · first_building Archery Range |
| 14:03 | Harry Tuttle · wall_segment Palisade Wall x1 |
| 14:14 | Harry Tuttle · wall_segment Palisade Wall x1 |
| 15:37 | 打你芭芭有违孝道 · age_up castle |
| 16:34 | Harry Tuttle · age_up castle |
| 17:05 | Lukrat · wall_segment Stone Wall x17 |
| 17:29 | gretor0231 · first_building Siege Workshop |
| 17:44 | Vili-Pekka · first_building Barracks |
| 17:46 | My name is jeff · age_up feudal |
| 17:52 | Harry Tuttle · first_market_buy 100 stone |
| 18:04 | Harry Tuttle · first_building Castle |
| 18:31 | Harry Tuttle · wall_segment Palisade Wall x1 |
| 18:43 | Harry Tuttle · wall_segment Palisade Wall x1 |
| 19:59 | mairou15saidi · wall_segment Stone Wall x17 |
| 20:04 | Vili-Pekka · age_up castle |
| 20:27 | Lukrat · wall_segment Stone Wall x11 |
| 20:40 | Lukrat · wall_segment Stone Wall x4 |
| 21:05 | mairou15saidi · first_market_buy 100 food |
| 22:02 | YellowyGnu8986 · first_building Castle |
| 22:23 | My name is jeff · first_market_buy 100 food |
| 22:52 | Vili-Pekka · first_building Stable |
| 22:55 | My name is jeff · first_building Stable |
| 23:46 | YellowyGnu8986 · first_building Siege Workshop |
| 23:53 | mairou15saidi · age_up castle |
| 24:08 | Vili-Pekka · first_building Archery Range |
| 24:11 | gretor0231 · first_market_sell 100 wood |
| 24:17 | gretor0231 · age_up castle |
| 24:38 | My name is jeff · first_building Archery Range |
| 24:52 | My name is jeff · age_up castle |
| 25:02 | My name is jeff · first_building Castle |
| 25:08 | mairou15saidi · wall_segment Stone Wall x20 |
| 25:38 | mairou15saidi · first_building Monastery |
| 26:49 | Lukrat · age_up castle |
| 26:56 | Lukrat · first_market_buy 100 stone |
| 27:07 | Lukrat · first_building Castle |
| 27:57 | My name is jeff · first_building Siege Workshop |
| 28:36 | Lukrat · wall_segment Stone Wall x15 |
| 29:25 | 打你芭芭有违孝道 · first_building Barracks |
| 29:29 | mairou15saidi · first_building Barracks |
| 29:37 | 打你芭芭有违孝道 · first_building Monastery |
| 30:35 | Lukrat · wall_segment Stone Wall x4 |
| 30:36 | 打你芭芭有违孝道 · first_building Castle |
| 30:41 | gretor0231 · first_building Castle |
| 30:44 | 打你芭芭有违孝道 · first_building Archery Range |
| 32:01 | mairou15saidi · first_building Castle |
| 32:48 | 打你芭芭有违孝道 · first_building Stable |
| 33:18 | Harry Tuttle · first_building Monastery |
| 33:49 | 打你芭芭有违孝道 · age_up imperial |
| 34:31 | Vili-Pekka · first_building Monastery |
| 34:46 | Lukrat · wall_segment Stone Wall x15 |
| 34:51 | Harry Tuttle · first_market_sell 100 food |
| 35:17 | gretor0231 · age_up imperial |
| 36:02 | Harry Tuttle · wall_segment Stone Wall x5 |
| 36:17 | Harry Tuttle · wall_segment Stone Wall x1 |
| 36:24 | Harry Tuttle · wall_segment Stone Wall x12 |
| 36:43 | Lukrat · wall_segment Stone Wall x30 |
| 37:40 | 打你芭芭有违孝道 · first_market_sell 500 food |
| 38:22 | mairou15saidi · wall_segment Stone Wall x22 |
| 38:57 | Harry Tuttle · age_up imperial |
| 39:55 | Harry Tuttle · first_building Archery Range |
| 40:38 | mairou15saidi · age_up imperial |
| 41:54 | Vili-Pekka · age_up imperial |
| 42:43 | Lukrat · age_up imperial |
| 44:17 | Lukrat · wall_segment Stone Wall x10 |
| 44:25 | Lukrat · wall_segment Stone Wall x5 |
| 46:15 | YellowyGnu8986 · wall_segment Stone Wall x6 |
| 47:06 | My name is jeff · age_up imperial |
| 47:16 | YellowyGnu8986 · resign |
| 48:21 | Vili-Pekka · first_building Siege Workshop |
| 48:50 | Lukrat · first_market_sell 100 wood |
| 54:27 | Lukrat · wall_segment Stone Wall x24 |
| 56:18 | Lukrat · wall_segment Stone Wall x11 |
| 57:17 | Lukrat · wall_segment Stone Wall x18 |
| 58:13 | Lukrat · wall_segment Stone Wall x1 |
| 58:48 | Lukrat · wall_segment Stone Wall x11 |
| 59:05 | Lukrat · first_building Siege Workshop |
| 59:07 | mairou15saidi · first_building Stable |
| 62:25 | gretor0231 · first_market_buy 100 stone |
[ AI ANALYSIS · 1 CREDIT ]
What really happened in this match?
Wolo.gg analyzes every decision: build order, eco, micro, common mistakes by bracket. Personalized analysis on WhatsApp or Discord in 30 seconds.
Civ guide
Bohemians
Map guide
Arena
Perfil
Jugador #2028621